 Dungeon Crawl Stone Soup version 0.25-a0-10-g2fe12d4386 (webtiles) character file.

Game seed: 9592517368622733020, levelgen mode: deterministic

535 Flugkiller the Ducker (level 7, -2/45 HPs)
             Began as an Octopode Assassin on Oct 15, 2019.
             Was an Initiate of Hepliaklqana.
             Slain by a gnoll shaman
             ... wielding a +0 whip
              (10 damage)
             ... on level 5 of the Dungeon.
             The game lasted 00:06:41 (5633 turns).

Flugkiller the Ducker (Octopode Assassin)           Turns: 5633, Time: 00:06:42

Health: -2/45      AC:  1    Str: 11    XL:     7   Next: 25%
Magic:  7/7        EV: 16    Int: 13    God:    Hepliaklqana [......]
Gold:   397        SH:  0    Dex: 15    Spells: 6/6 levels left

rFire    . . .     SeeInvis .   a - +2 dagger
rCold    . . .     Gourm    .   (no shield)
rNeg     . . .     Faith    .   (helmet restricted)
rPois    .         Spirit   .   (no amulet)
rElec    .         Reflect  .   q - ring of protection from magic
rCorr    .         Harm     .   (no ring)
MR       +....                  (no ring)
Stlth    ++++......             (no ring)
HPRegen  0.15/turn              (no ring)
MPRegen  0.10/turn              (no ring)
                                (no ring)
                                (no ring)

@: no status effects
A: almost no armour, stealthy swim, amphibious, 8 rings, constrict 8, reduced
essence, camouflage 1, gelatinous body 1
a: Recall Ancestor, Ancestor Identity, Renounce Religion


You were on level 5 of the Dungeon.
You worshipped Hepliaklqana.
Hepliaklqana was noncommittal.
You were not hungry.

You visited 1 branch of the dungeon, and saw 6 of its levels.

You collected 397 gold pieces.

Inventory:

Hand Weapons
 a - a +2 dagger (weapon)
 u - a +0 war axe
   (You found it on level 3 of the Dungeon)
 w - a +1 hand axe of electrocution
   (You found it on level 4 of the Dungeon)
Missiles
 b - 8 poisoned darts (quivered)
 c - 2 curare-tipped darts
Jewellery
 q - a ring of protection from magic (left tentacle)
   (You found it on level 4 of the Dungeon)
Scrolls
 e - a scroll of enchant weapon {unknown}
 i - 3 scrolls of teleportation
 k - a scroll of fear
 n - a scroll of random uselessness {unknown}
 o - a scroll of immolation
 t - 2 scrolls of magic mapping
 v - 2 scrolls of fog
 x - a scroll of noise {unknown}
 y - a scroll of remove curse
Potions
 f - a potion of degeneration {unknown}
 g - a potion of mutation
 h - a potion of brilliance {unknown}
 j - 3 potions of curing
 m - 2 potions of agility {unknown}
 p - a potion of cancellation
 r - a potion of lignification
 s - a potion of might
Comestibles
 d - 14 rations
 l - a chunk of flesh


   Skills:
 - Level 5.0 Fighting
 - Level 2.0 Short Blades
 - Level 2.0 Throwing
 + Level 5.6 Dodging
 - Level 5.3 Stealth
 - Level 1.1 Unarmed Combat


You had 6 spell levels left.
You didn't know any spells.
Your spell library was empty.

Dungeon Overview and Level Annotations

Branches:
Dungeon (6/15)
 Temple: D:4-7

Altars:
Hepliaklqana
Nemelex Xobeh
Qazlal
Sif Muna
Vehumet

Shops:
D:6 ?

Annotations:
D:6 Edmund


Innate Abilities, Weirdness & Mutations

You cannot wear most types of armour.
You are very stealthy in the water. (Stealth+)
You are amphibious.
You can wear up to eight rings at the same time.
You can use your tentacles to constrict eight enemies at once.
Your skin changes colour to match your surroundings (Stealth+).
Your rubbery body absorbs attacks. (AC +1, EV +1)
Your life essence is reduced to manifest your ancestor. (-10% HP)


Message History

You kill the gnoll!
The gnoll shaman shouts!
The gnoll shouts!
The gnoll shaman calls down the wrath of its god upon you.
You resist with almost no effort.
Things that are here:
a +0 spear; a scroll of remove curse; a gnoll corpse You butcher the gnoll corpse.
y - a scroll of remove curse;
l - 2 chunks of flesh (gained 1)
Things that are here:
a +0 spear; a gnoll skeleton
Things that are here:
a +0 spear; a gnoll corpse Unknown command.
Unknown command.
You butcher the gnoll corpse.
The gnoll closely misses Kebab.
Things that are here:
a +0 spear; a chunk of flesh; a gnoll skeleton
There is a stone staircase leading up here.
You swap places.
The gnoll shaman misses you.
There is a stone staircase leading up here.
You closely miss the gnoll shaman. You grab the gnoll shaman.
You squeeze the gnoll shaman.
The gnoll shaman is lightly wounded.
You constrict the gnoll shaman, but do no damage.
The gnoll shaman hits you with a +0 whip!
You are too injured to fight recklessly!
You are too injured to fight recklessly!
You hit the gnoll shaman.
The gnoll shaman is lightly wounded.
You constrict the gnoll shaman.
The gnoll shaman hits you with a +0 whip.
* * * LOW HITPOINT WARNING * * *
You release your grip on the gnoll shaman.
Kebab hits the gnoll shaman but does no damage.
The gnoll shaman barely misses you.
You climb upwards.
Some of the chunks of flesh in your inventory have rotted away.
There is a stone staircase leading down here.
You closely miss the gnoll shaman. You grab the gnoll shaman.
The gnoll shaman is lightly wounded.
You constrict the gnoll shaman, but do no damage.
The gnoll shaman hits you with a +0 whip!
* * * LOW HITPOINT WARNING * * *
Kebab hits the gnoll shaman.
You hit the gnoll shaman but do no damage.
The gnoll shaman is moderately wounded.
You constrict the gnoll shaman.
The gnoll shaman hits you with a +0 whip!
You die...

######## #......#
#.####.# #.####.# ###
#######.##(#.######.##
...............g@....##
#######.##.[....R.....#
#..........##.....#...#
#.#####.#.........(...##
...# #................#
#.)#
#...............#####
#..#
#............#......#
#.(#
#...#.#...#...[.#####
#..# #...<.....#..#..###


You could see the friendly Kebab the ancestor and a gnoll shaman.

Vanquished Creatures
  An ogre (D:5)
  A centaur (D:5)
  2 hounds
  3 orc wizards
  3 worker ants
  2 gnolls (D:6)
  5 adders
  An adder skeleton (D:4)
  An adder zombie (D:5)
  3 worms
  2 dart slugs
  5 leopard geckos
  2 orcs
  8 bats
  4 giant cockroaches
  7 hobgoblins
  8 jackals
  7 kobolds
  7 frilled lizards
  7 goblins
  A quokka skeleton (D:5)
  8 rats
88 creatures vanquished.

Notes
Turn   | Place    | Note
-------+----------+-------------------------------------------
     0 | D:1      | Flugkiller the Octopode Assassin began the quest for the
                  | Orb.
     0 | D:1      | Reached XP level 1. HP: 14/14 MP: 1/1
   207 | D:1      | Reached XP level 2. HP: 20/20 MP: 2/2
   922 | D:2      | Reached XP level 3. HP: 25/25 MP: 3/3
  1424 | D:2      | Reached XP level 4. HP: 19/31 MP: 4/4
  3447 | D:4      | Noticed a phantom
  3653 | D:4      | Reached XP level 5. HP: 37/37 MP: 5/5
  3824 | D:4      | You fall into a shaft and drop 2 floors!
  3841 | D:6      | Noticed an ice beast
  3846 | D:6      | Found Oleilu's Magic Scroll Boutique.
  3849 | D:5      | Entered Level 5 of the Dungeon
  4320 | D:5      | Reached XP level 6. HP: 35/44 MP: 6/6
  4804 | D:4      | Reached skill level 5 in Fighting
  5074 | D:5      | Reached skill level 5 in Dodging
  5074 | D:5      | Reached XP level 7. HP: 50/50 MP: 7/7
  5264 | D:5      | Found a radiant altar of Vehumet.
  5264 | D:5      | Found a shimmering blue altar of Sif Muna.
  5269 | D:5      | Found a stormy altar of Qazlal.
  5271 | D:5      | Found a sparkling altar of Nemelex Xobeh.
  5272 | D:5      | Found a hazy altar of Hepliaklqana.
  5284 | D:5      | Became a worshipper of Hepliaklqana the Forgotten
  5405 | D:6      | Reached skill level 1 in Unarmed Combat
  5406 | D:6      | Noticed Edmund
  5633 | D:5      | Slain by a gnoll shaman

Levels and vault maps discovered:
D:1:      saegor_arrival_simple_c, layout_loops_corners
D:2:      layout_basic, serial_park_tiny_pond
D:3:      layout_basic, first_ration, serial_forest,
          infiniplex_forest_lined_ring, infiniplex_forest_clump_small,
          infiniplex_forest_clump_curved, infiniplex_forest_straight_3,
          infiniplex_forest_clump_long, minivault_24, due_unseen_surprise
D:4:      layout_basic
D:5:      layout_basic, chequers_temple_overflow_minitemple
D:6:      layout_basic, chequers_temple_overflow_statue_of_worship,
          serial_shops, shop, uniq_menkaure, uniq_edmund

Skill      XL: |  1  2  3  4  5  6  7 |
---------------+----------------------+-----
Dodging        | 2 3 4 5 |  5.6
Fighting       | 3 4 5 |  5.0
Unarmed Combat | 1 |  1.1
Short Blades   | |  2.0
Throwing       | |  2.0
Stealth        | |  5.3

Action                   |  1- 3 |  4- 6 |  7- 9 || total
-------------------------+-------+-------+-------++-------
Melee: Dagger            |    73 |   108 |    21 ||   202
       Constrict         |    13 |    22 |     8 ||    43
       Tentacles         |    10 |    21 |     6 ||    37
Throw: Dart              |       |     2 |       ||     2
Invok: Recall Ancestor   |       |       |     1 ||     1
       Ancestor Identity |       |       |     1 ||     1
  Use: Scroll            |     1 |    13 |       ||    14
 Stab: Sleeping          |    20 |     8 |     1 ||    29
  Eat: Chunk             |     2 |     7 |     2 ||    11
       Ration            |       |     1 |       ||     1
Armor: Skin              |     6 |     5 |       ||    11
Dodge: Dodged            |    33 |    71 |    18 ||   122

Table legend:
 A = Non-vault XP
 B = Vault XP
 C = Vault XP percentage of total XP
 D = Non-vault monster count
 E = Vault monster count
 F = Vault count percentage of total count
                 A         B        C        D         E       F
            +---------+---------+-------+---------+---------+-------
      Total |     765 |       0 |   0.0 |      88 |       0 |   0.0
            +---------+---------+-------+---------+---------+-------
        D:1 |      31 |       0 |   0.0 |      21 |       0 |   0.0
        D:2 |      58 |       0 |   0.0 |      24 |       0 |   0.0
        D:3 |      24 |       0 |   0.0 |      13 |       0 |   0.0
        D:4 |     200 |       0 |   0.0 |      12 |       0 |   0.0
        D:5 |     344 |       0 |   0.0 |      10 |       0 |   0.0
        D:6 |     108 |       0 |   0.0 |       8 |       0 |   0.0
            +---------+---------+-------+---------+---------+-------
